Map: Discordance EC

Players

ShaDoWn - Winner!

  • Race: Protoss Protoss
  • Spawn Location: 1:00

Vanya

  • Race: Zerg Zerg
  • Spawn Location: 7:00

Event: 2019 WCS Summer

VOD

Have the link to the VOD?

Description

Time

  • Played on: July 12, 2019, 6:06 a.m.
  • Length: 5:11

All games in this series

Show
View Real Time Build Order
Export as new Build Order

ShaDoWn Protoss - Winner!

Build Orders: 1 Gate Expand, Phoenix Opening 

Get SALT Encoding   

  12  0:00  Probe  
  13  0:13  Probe  
  14  0:19  Pylon  
  14  0:25  Probe  
  15  0:36  Probe  
  15  0:40  Gateway  
  16  0:44  Probe  
  17  0:52  Probe  
  17  0:55  Assimilator  
  18  1:03  Probe  
  19  1:15  Probe  
  20  1:28  Nexus  
  20  1:37  Cybernetics Core  
  20  1:41  Probe  
  20  1:46  Assimilator  
  21  1:53  Probe  
  22  1:56  Pylon  
  22  2:05  Probe  
  22  2:08  Sentry  
  25  2:17  Probe  
  26  2:25  Warp Gate  
  26  2:29  Probe  
  27  2:34  Stalker  
  27  2:36  Probe  
  29  2:37  Probe  
  31  2:44  Probe, Robotics Facility  
  31  2:45  Probe  
  31  2:46  Phoenix  
  33  2:54  Probe  
  33  2:56  Probe  
  35  3:06  Probe  
  35  3:08  Probe  
  37  3:16  Sentry  
  37  3:18  Probe  
  40  3:20  Probe  
  40  3:21  Immortal, Pylon  
  41  3:30  Gateway  
  46  3:39  Probe  
  46  3:42  Gateway x2  
  46  3:50  Warp Prism  
  46  3:53  Shield Battery, Gateway  
  46  3:59  Probe  
  49  4:05  Probe  
  49  4:09  Pylon  
  50  4:13  Sentry  
  50  4:18  Shield Battery  
  50  4:19  Shield Battery  
  50  4:21  Immortal  
  50  4:24  Probe  
  50  4:31  Sentry  
  57  4:35  Probe  
  58  4:40  Cybernetics Core  
  54  4:53  Zealot x3  
  54  4:57  Zealot  
  58  5:05  Assimilator  
  62  5:09  Assimilator  
Show
View Real Time Build Order
Export as new Build Order

Vanya Zerg 

Build Orders: Hatch First 

Get SALT Encoding   

  12  0:00  Drone  
  13  0:12  Overlord  
  13  0:17  Drone  
  14  0:31  Drone  
  14  0:32  Drone  
  16  0:51  Drone  
  16  0:53  Drone  
  18  1:00  Hatchery  
  18  1:01  Drone  
  18  1:07  Extractor  
  17  1:15  Spawning Pool  
  17  1:17  Drone  
  17  1:22  Drone  
  18  1:28  Drone  
  19  1:39  Drone  
  20  1:59  Hatchery  
  19  2:04  Zergling x2  
  19  2:05  Queen  
  22  2:11  Queen  
  22  2:15  Zergling x2  
  25  2:21  Metabolic Boost  
  25  2:34  Roach Warren  
  24  2:41  Overlord  
  23  3:13  Roach  
  23  3:14  Roach x5  
  35  3:23  Roach  
  35  3:25  Overlord  
  37  3:37  Overlord  
  37  3:44  Zergling x6  
  40  3:50  Zergling x2  
  40  3:51  Zergling x2  
  42  3:57  Zergling x4  
  42  4:01  Ravager  
  46  4:02  Zergling x2  
  46  4:06  Zergling x4  
  46  4:09  Zergling x2  
  48  4:18  Zergling x4  
  49  4:35  Drone  
  49  4:40  Zergling x4  
  49  4:45  Zergling x6  
  49  4:48  Zergling x4  
  49  4:51  Zergling x4  
Tags
 
Add a new tag
Caveats
  • Supply blocks, unpowered buildings, or Contaminate may cause inaccurate times.
  • Supply counts are checked every 10 seconds.